 Dungeon Crawl Stone Soup version 0.28.0-43-g3370ac3207 (webtiles) character file.

Game seed: 12425212411096789903

4024 demenzo the Carver (level 10, 0/76 HPs)
             Began as a Djinni Cinder Acolyte on Mar 15, 2022.
             Was a High Priest of Ignis.
             Slain by a five-headed hydra (12 damage)
             ... on level 9 of the Dungeon.
             The game lasted 00:23:41 (14785 turns).

demenzo the Carver (Djinni Cinder Acolyte)         Turns: 14785, Time: 00:23:41

Health: 0/76       AC: 14    Str: 13    XL:     10   Next: 47%
Gold:   169        EV: 10    Int: 21    God:    Ignis [*****.] SH:  0 Dex:  8

rFire   + + .      SeeInvis .   a - +6 great sword
rCold   . . .      Faith    .   (shield currently unavailable)
rNeg    . . .      Spirit   .   A - +0 ring mail
rPois   ∞          Reflect  .   h - +1 helmet
rElec   .          Harm     .   (no cloak)
rCorr   .          Rampage  .   (no gloves)
Will    +....                   (boots unavailable)
Stlth   ..........              (no amulet)
HPRegen 0.22/turn               w - ring of wizardry
MPRegen 0.00/turn               G - ring of ice

@: rising, fiery-armoured, flying
A: sickness immunity, fire resistance 2, cold vulnerability 1, float, innate
caster, HP casting, extra vitality 1
a: Renounce Religion, Fiery Armour, Foxfire Swarm


You were on level 9 of the Dungeon.
You worshipped Ignis.
Ignis was extremely pleased with you.
You visited 2 branches of the dungeon, and saw 10 of its levels.

You collected 494 gold pieces.
You spent 325 gold pieces at shops.

Inventory:

Hand Weapons
 a - a +6 great sword (weapon)
 j - a +0 hunting sling
 D - a -1 falchion of flaming
 J - the +8 trident of the Octopus King {venom, rElec rPois}
   (You found it on level 7 of the Dungeon)

   It poisons the flesh of those it strikes.
   rElec:     It insulates you from electricity.
   rPois:     It protects you from poison.
Missiles
 i - 278 stones
 o - 179 arrows
 q - 5 boomerangs
 s - 73 bolts
 H - a curare-tipped dart
 I - 6 poisoned darts
Armour
 h - a +1 helmet (worn)
 v - a +0 leather armour
 A - a +0 ring mail (worn)
 C - an orb of light
Jewellery
 w - a ring of wizardry (left hand)
 G - a ring of ice (right hand)
Wands
 b - a wand of acid (9)
 y - a wand of flame (27)
 K - a wand of iceblast (13)
Scrolls
 c - a scroll of amnesia {unknown}
 e - a scroll of fog {unknown}
 f - 3 scrolls of magic mapping
 k - 2 scrolls of enchant weapon {unknown}
 l - 3 scrolls of enchant armour
 m - a scroll of acquirement {unknown}
 n - 4 scrolls of teleportation
 z - 2 scrolls of brand weapon {unknown}
 B - 2 scrolls of blinking {unknown}
 F - a scroll of vulnerability {unknown}
 L - 2 scrolls of holy word {unknown}
 M - 3 scrolls of identify
 N - a scroll of noise {unknown}
Potions
 d - a potion of invisibility {unknown}
 g - a potion of haste {unknown}
 p - 3 potions of lignification
 r - 4 potions of might
 t - 3 potions of brilliance
 u - 2 potions of curing {unknown}
 x - a potion of heal wounds {unknown}
 E - a potion of degeneration {unknown}
 O - a potion of resistance {unknown}


   Skills:
 + Level 7.9 Fighting
 * Level 9.9 Long Blades
 + Level 1.1 Dodging
 - Level 6.0 Spellcasting


You had 11 spell levels left.
You knew the following spells:

 Your Spells              Type           Power      Damage    Failure   Level
a - Scorch                Fire           62%        2d8       1%          2
b - Animate Skeleton      Necr           62%        N/A       1%          1
c - Poisonous Vapours     Pois/Air       62%        N/A       1%          2
d - Searing Ray           Conj           62%        2d6       1%          2
e - Tukima's Dance        Hex            31%        N/A       2%          3
Your spell library was empty.

Dungeon Overview and Level Annotations

Branches:
Dungeon (9/15)             Temple (1/1) D:4
   Lair: D:8-11         Orc: D:9-12

Altars:
Ashenzari
Cheibriados
Dithmenos
Elyvilon
Fedhas
Gozag
Hepliaklqana
Kikubaaqudgha
Makhleb
Nemelex Xobeh
Okawaru
Qazlal
Ru
Sif Muna
Trog
Uskayaw
Vehumet
Wu Jian
Xom
Yredelemnul
Zin
The Shining One

Shops:
D:2 =

Annotations:
D:6 3 runed translucent doors, ChongLi's ghost, novice TeMo


Innate Abilities, Weirdness & Mutations

You are immune to sickness and miasma.
You are immune to poison.
Your flesh is very heat resistant. (rF++)
You are vulnerable to cold. (rC-)
You float through the air rather than walking.
You learn spells naturally, not from books.
Your magical power is your life essence.
You have superior vitality. (+4 MHP)


Message History

The centaur shoots an arrow.
The arrow hits you!
The centaur shoots an arrow.
The arrow hits you.
The centaur shoots an arrow.
The arrow barely misses you.
The centaur shoots an arrow.
The arrow hits you!
The centaur shoots an arrow.
The arrow hits you.
The centaur shoots an arrow.
The arrow hits you.
There is a stone staircase leading up here.
You fly upwards.
There is a stone staircase leading down here.
You start resting.
HP restored.
You fly downwards.
The five-headed hydra bites you.
The five-headed hydra bites you! x2; The five-headed hydra bites you.
The five-headed hydra bites you!
There is a stone staircase leading up here.
Unknown command.
Unknown command.
A protective cloak of flame settles atop you.
The five-headed hydra bites you but does no damage.
The five-headed hydra is burned by your cloak of flames.
The five-headed hydra is lightly wounded.
The five-headed hydra bites you!
The five-headed hydra is burned by your cloak of flames.
The five-headed hydra is lightly wounded.
The five-headed hydra barely misses you.
The five-headed hydra bites you but does no damage.
The five-headed hydra is burned by your cloak of flames.
The five-headed hydra is lightly wounded.
The five-headed hydra bites you.
* * * LOW HITPOINT WARNING * * *
The five-headed hydra is burned by your cloak of flames.
The five-headed hydra is moderately wounded.
Unknown command.
Unknown command.
You begin to rise into the air.
The five-headed hydra bites you!
* * * LOW HITPOINT WARNING * * *
The five-headed hydra is burned by your cloak of flames.
The five-headed hydra is moderately wounded.
The five-headed hydra bites you!
You die...

########. #........
#........
##############@.......
###..........<.D........
........................
........................
........................
........................
........................
........................
......###############..


You could see a five-headed hydra.

Vanquished Creatures
  A hornet (D:8)
  A wyvern (D:8)
  A steam dragon (D:6)
  2 water moccasins
  3 sky beasts
  3 necrophages
  3 ogres
  3 centaurs
  A phantom (D:6)
  2 kobold brigands
  5 bullfrogs
  2 gnoll sergeants (D:7)
  4 scorpions
  A wyvern zombie (D:7)
  A water moccasin zombie (D:6)
  A water moccasin skeleton (D:5)
  4 wights (D:5)
  3 howler monkeys (D:7)
  2 jellies
  2 gnoll shamans
  An orc priest (D:3)
  3 centaur skeletons
  5 orc wizards
  A scorpion zombie (D:4)
  4 iguanas
  2 killer bee zombies
  3 hound zombies (D:4)
  A hound skeleton (D:4)
  2 howler monkey skeletons
  16 gnolls
  9 adders
  4 white imps
  An adder skeleton (D:4)
  2 worms
  A dart slug (D:1)
  17 orcs
  7 endoplasms
  4 giant cockroaches
  4 goblins
  4 hobgoblins
  4 jackals
  3 quokkas
  8 ball pythons
  8 bats
  4 frilled lizards
  14 kobolds
  3 rats
180 creatures vanquished.

Vanquished Creatures (collateral kills)
  A centaur zombie (D:5)
1 creature vanquished.

Grand Total: 181 creatures vanquished

Notes
Turn   | Place    | Note
-------+----------+-------------------------------------------
     0 | D:1      | demenzo the Djinni Cinder Acolyte began the quest for the
                  | Orb.
     0 | D:1      | Reached XP level 1. HP: 20/20 MP: 0/0
   182 | D:1      | You are sucked into a shaft and drop 1 floor!
   182 | D:2      | Found Koofi's Jewellery Shoppe.
   193 | D:2      | Reached skill level 3 in Long Blades
   193 | D:2      | Reached XP level 2. HP: 25/25 MP: 0/0
   279 | D:2      | Reached XP level 3. HP: 30/30 MP: 0/0
   279 | D:2      | Learned a level 1 spell: Animate Skeleton
   847 | D:1      | Reached XP level 4. HP: 32/35 MP: 0/0
  1966 | D:2      | Found a faded altar of an unknown god.
  2693 | D:3      | Reached skill level 4 in Long Blades
  2693 | D:3      | Reached XP level 5. HP: 17/41 MP: 0/0
  2693 | D:3      | Learned a level 2 spell: Poisonous Vapours
  4006 | D:3      | Reached XP level 6. HP: 7/47 MP: 0/0
  5553 | D:3      | Reached skill level 5 in Long Blades
  5622 | D:4      | Reached XP level 7. HP: 31/53 MP: 0/0
  5622 | D:4      | Learned a level 2 spell: Searing Ray
  6147 | D:4      | Found a basalt altar of Yredelemnul.
  6267 | D:4      | Found a staircase to the Ecumenical Temple.
  6298 | Temple   | Entered the Ecumenical Temple
  7167 | D:5      | Entered Level 5 of the Dungeon
  7344 | D:5      | Reached skill level 5 in Fighting
  7448 | D:5      | Reached skill level 6 in Long Blades
  7448 | D:5      | Reached XP level 8. HP: 51/59 MP: 0/0
  8527 | D:5      | Reached skill level 7 in Long Blades
  8812 | D:6      | Reached XP level 9. HP: 62/66 MP: 0/0
  8812 | D:6      | Learned a level 3 spell: Tukima's Dance
  8932 | D:6      | Found a runed translucent gate.
  8932 | D:6      | Found a runed translucent gate.
  8933 | D:6      | Found a runed translucent gate.
  8934 | D:6      | Noticed ChongLi's ghost (novice TeMo)
  9108 | D:6      | Identified the +9 plate armour "Syugh" {rF+ Will- rCorr
                  | SInv}
  9399 | D:6      | Reached skill level 5 in Spellcasting
  9435 | D:6      | Reached skill level 8 in Long Blades
 10297 | D:7      | Found the +8 trident of the Octopus King {venom, rElec
                  | rPois}
 11269 | D:2      | Bought a ring of ice for 325 gold pieces
 11670 | D:7      | Reached XP level 10. HP: 58/75 MP: 0/0
 11676 | D:7      | Reached skill level 9 in Long Blades
 14551 | D:9      | Reached skill level 1 in Dodging
 14572 | D:9      | Noticed a five-headed hydra
 14785 | D:9      | Slain by a five-headed hydra

Illustrated notes

Levels and vault maps discovered:
D:1:      heliophobic_arrival_glass_houses, layout_basic
D:2:      kennysheep_six_static_rooms, layout_basic, serial_shops,
          nicolae_shop_advertising_works [nicolae_subvault_shop_adworks],
          shapermc_ecumenical_altar_notcrosses
D:3:      layout_rooms
D:4:      layout_loops_ring, nicolae_yredelemnul_corpse_copse,
          minmay_temple_entry_stoned_glass
D:5:      layout_basic, hangedman_decor_peaks_small
D:6:      layout_loops_ring, gammafunk_ghost_necromancy
D:7:      layout_layer_cave, chequers_jeans, dk_noncrumbling_3,
          kennysheep_generic_room_10
D:8:      layout_basic, serial_park_tiny_pond, kennysheep_generic_room_14
D:9:      layout_irregular_city
Temple:   roderic_octagonal_lattice_temple

Skill      XL: |  1  2  3  4  5  6  7  8  9 10 |
---------------+-------------------------------+-----
Long Blades    | 3 4 5 6 7 8 9 |  9.9
Spellcasting   | 3 4 5 6 |  6.0
Fighting       | 4 5 6 7 |  7.9
Dodging        | 1 |  1.1

Action                   |  1- 3 |  4- 6 |  7- 9 | 10-12 || total
-------------------------+-------+-------+-------+-------++-------
Melee: Falchion          |    73 |   127 |    12 |       ||   212
       Punch             |     1 |       |       |       ||     1
       Great sword       |       |       |    83 |    43 ||   126
       Trident           |       |       |       |    12 ||    12
 Cast: Scorch            |       |    31 |    73 |    16 ||   120
       Poisonous Vapours |       |    40 |    90 |    21 ||   151
       Animate Skeleton  |       |     4 |     3 |     5 ||    12
       Searing Ray       |       |       |       |     2 ||     2
Invok: Fiery Armour      |     1 |       |       |     1 ||     2
       Rising Flame      |       |       |       |     1 ||     1
  Use: Scroll            |       |       |     6 |       ||     6
Armor: Robe              |    31 |    35 |       |       ||    66
       Leather armour    |       |    10 |     1 |       ||    11
       Ring mail         |       |       |    46 |    40 ||    86
Dodge: Dodged            |    49 |   106 |    88 |    49 ||   292
